cohdb
Replays
Latest Replays
All Replays
Popular Replays
Top Player Replays
Match Explorer
How It Works
Community
CoH3 Stats
Reddit
Sign in to upload your games and track your stats! →
Sign in with Steam
Match 35770862
Unlisted
Match 35770862
Overview
Messages
Build Orders
End
Royal Engineer Section
Construct Section Command Post
Vickers Machine Gun Team
Selects Indian Artillery Battlegroup
Infantry Section
Infantry Section
Construct Platoon Command Post
Selects Towed ML 4.2-inch Heavy Mortar
Construct Field Infirmary
Humber Armored Car
Light Vehicle Training
Selects Valour
Humber Armored Car
Selects Gurkha Rifles Section
Gurkha Rifles Section
Construct Company Command Post
Matilda II Heavy Tank
Selects Off-map Airburst Barrage
Armored Vehicle Training
Off-map Airburst Barrage
Etgo
Hk
MuniekPL
Husar
0
0
Comments
sign in to comment!
No comments posted yet!